 Dungeon Crawl Stone Soup version 0.19.4 (webtiles) character file.

210 vinnie the Sneak (level 5, -16/35 HPs)
             Began as a Vampire Enchanter on Jan 30, 2017.
             Demolished by an ogre
             ... wielding a +0 giant club
              (20 damage)
             ... on level 3 of the Dungeon on Feb 6, 2017.
             The game lasted 00:32:42 (2812 turns).

vinnie the Sneak (Vampire Enchanter)                Turns: 2812, Time: 00:32:42

Health: -16/35     AC:  4    Str:  7    XL:     5   Next: 56%
Magic:  4/10       EV: 13    Int: 18    God:
Gold:   148        SH:  0    Dex: 15    Spells: 4 memorised, 2 levels left

rFire  . . .     SeeInvis +     a - +1 dagger (elec)
rCold  . . .     Gourm    .     b - +1 robe
rNeg   + . .     Faith    .     (no shield)
rPois  .         Spirit   .     (no helmet)
rElec  .         Reflect  .     (no cloak)
rCorr  .         Harm     .     v - +0 pair of gloves
MR     .....                    (no boots)
Stlth  +++.......               (no amulet)
                                (no ring)
                                (no ring)

@: no status effects
A: fangs 3, see invisible, unbreathing
a: Bat Form


You were on level 3 of the Dungeon.
You were not thirsty.

You visited 1 branch of the dungeon, and saw 4 of its levels.

You collected 148 gold pieces.

Inventory:

Hand Weapons
 a - a +1 dagger of electrocution (weapon)
 k - a +1 dagger
 m - a +0 hand crossbow
 s - a +2 shortbow of flaming
Missiles
 i - 128 stones (quivered)
 t - 36 sling bullets
Armour
 b - a +1 robe (worn)
 e - a +0 ring mail
 u - a +0 leather armour
 v - a +0 pair of gloves (worn)
Wands
 n - a wand of lightning (6/15)
Scrolls
 g - 4 scrolls of identify {unknown}
 j - 3 scrolls of random uselessness {unknown}
 p - a scroll of remove curse {unknown}
 q - a scroll of noise {unknown}
 r - 2 scrolls of teleportation {unknown}
 w - a scroll of blinking {unknown}
Potions
 d - 19 potions of blood
 f - 2 potions of might {unknown}
 h - a potion of agility {unknown}
 l - a potion of beneficial mutation {unknown}
 o - 2 potions of berserk rage {unknown}
 x - a potion of curing {unknown}
Books
 c - a book of Maledictions

   Spells                             Type                      Level
   a - Corona                         Hexes                        1
   b - Ensorcelled Hibernation        Hexes/Ice                    2
   c - Confuse                        Hexes                        3
   d - Tukima's Dance                 Hexes                        3
   e - Dazzling Spray                 Conjuration/Hexes            3


   Skills:
 + Level 0.1 Fighting
 + Level 1.8 Short Blades
 * Level 0.8 Armour
 * Level 2.9 Dodging
 * Level 5.8 Stealth
 * Level 3.6 Spellcasting
 + Level 5.4 Hexes
 + Level 0.4 Ice Magic


You had 2 spell levels left.
You knew the following spells:

 Your Spells              Type           Power        Failure   Level  Hunger
a - Corona                Hex            ###....      1%          1    None
b - Ensorcelled Hibernat  Hex/Ice        ##....       10%         2    ##.....
c - Tukima's Dance        Hex            ###.....     6%          3    ###....
d - Dazzling Spray        Conj/Hex       ##....       17%         3    ###....


Dungeon Overview and Level Annotations

Branches:
Dungeon (4/15)
 Temple: D:4-7

Altars:

Annotations:
D:3 Yarinad's ghost, amateur TrHu
D:4 Eustachio


Innate Abilities, Weirdness & Mutations

You have razor-sharp teeth.
You have supernaturally acute eyesight. (SInv)
You can survive without breathing.


Message History

Aim: an ogre, wielding a giant club (chance to defeat MR: 62%)
Okay, then.
You barely miss the frilled lizard.
The giant cockroach bites you but does no damage.
The iguana hisses menacingly.
A worker ant comes into view.
The worker ant twitches its antennae in your direction.
The frilled lizard bites you but does no damage.
The giant cockroach misses you. The ogre barely misses you.
You climb upwards.
Level annotation: Yarinad's ghost, amateur TrHu
There is a stone staircase leading down here.
The giant cockroach bites you but does no damage.
The giant cockroach closely misses you. The ogre hits you with a giant club!!
Ouch! That really hurt!
* * * LOW HITPOINT WARNING * * *
You fail to use your ability.
The giant cockroach misses you. The frilled lizard barely misses you.
The ogre hits you with a giant club!!
Ouch! That really hurt!
You die...

#.##.# #.#####.# #.# # #.##.#
#.......###.# # #.##.#
#...........# # .....#
##)########## ..#### #)# ###
#.# # ##>################ #
##### #Ols.......>....... #
##...#######.@################
####.............#
.........#######.#
##..........# #.#
##.##...###.# #.#
#...#######.# #.#
.........##.####.#
#..รท####.........#
##..........######


You could see an ogre, a giant cockroach and a frilled lizard.

Vanquished Creatures
  Terence (D:3)
  A worker ant (D:4)
  3 gnolls (D:2)
  7 adders (D:2)
  An ooze (D:2)
  2 worms (D:2)
  4 dart slugs
  A leopard gecko (D:3)
  5 orcs
  A ball python (D:2)
  3 bats
  3 giant cockroaches
  5 goblins
  4 hobgoblins
  5 jackals
  A quokka (D:3)
  6 frilled lizards
  8 kobolds
  4 rats
65 creatures vanquished.

Vanquished Creatures (collateral kills)
  A goblin (D:3)
1 creature vanquished.

Vanquished Creatures (others)
  4 dancing weapons
4 creatures vanquished.

Grand Total: 70 creatures vanquished

Notes
Turn   | Place    | Note
-------+----------+-------------------------------------------
     0 | D:1      | vinnie the Vampire Enchanter began the quest for the Orb.
     0 | D:1      | Reached XP level 1. HP: 13/13 MP: 3/3
   186 | D:1      | Reached XP level 2. HP: 9/19 MP: 1/5
   194 | D:1      | Learned a level 2 spell: Ensorcelled Hibernation
   710 | D:2      | Reached skill level 5 in Stealth
   710 | D:2      | Reached XP level 3. HP: 24/24 MP: 0/6
   769 | D:2      | Learned a level 3 spell: Tukima's Dance
   803 | D:2      | Reached skill level 5 in Hexes
   912 | D:2      | Reached XP level 4. HP: 30/30 MP: 6/8
  1210 | D:2      | Upgraded the game from 0.19.3-4-gbf9329e to 0.19.4
  1702 | D:3      | Noticed Yarinad's ghost (amateur TrHu)
  2126 | D:3      | Reached XP level 5. HP: 35/35 MP: 1/9
  2251 | D:3      | Learned a level 3 spell: Dazzling Spray
  2473 | D:3      | Noticed Terence
  2573 | D:3      | Killed Terence
  2760 | D:4      | Noticed Eustachio
  2796 | D:4      | Noticed an ogre
  2812 | D:3      | Demolished by an ogre

Skill      XL: |  1  2  3  4 |
---------------+-------------+-----
Stealth        | 5 |  5.8
Hexes          | 5 |  5.4
Spellcasting   | 3 |  3.6
Fighting       | |  0.1
Short Blades   | |  1.8
Armour         | |  0.8
Dodging        | |  2.9
Ice Magic      | |  0.4

Action                   |  1- 3 |  4- 6 || total
-------------------------+-------+-------++-------
Melee: Dagger            |    47 |   106 ||   153
       Bite              |     3 |    13 ||    16
 Cast: Corona            |    14 |    30 ||    44
       Ensorcelled Hiber |     9 |     9 ||    18
       Tukima's Dance    |       |    15 ||    15
       Dazzling Spray    |       |     2 ||     2
 Abil: End Transformatio |       |     1 ||     1
       Bat Form          |       |     1 ||     1
  Use: Potion            |     1 |     7 ||     8
 Stab: Sleeping          |    14 |    15 ||    29
Armor: Robe              |     9 |    17 ||    26
Dodge: Dodged            |    22 |    76 ||    98
